 Dungeon Sprint DCSS version 0.16.1-25-gbcee3f8 (webtiles) character file.

18100000 Vrock the Axe Maniac (level 27, -5/199 HPs)
             Began as a Gargoyle Gladiator on May 19, 2015.
             Was the Champion of Makhleb.
             Killed from afar by an observer (92 damage)
             ... with a fireball
             ... in the Dungeon (Sprint VIII: "Arena of Blood").
             The game lasted 00:13:01 (181 turns).

Vrock the Axe Maniac (Gargoyle Gladiator)            Turns: 181, Time: 00:13:01

Health: -5/199     AC: 29    Str: 22    XL:     27
Magic:  49/49      EV: 34    Int: 10    God:    Makhleb [******]
Gold:   0          SH:  0    Dex: 19    Spells: 0 memorised, 80 levels left

rFire  . . .     SeeInvis +     l - +∞ Axe of Woe
rCold  . . .     Clarity  .     b - +0 leather armour
rNeg   + . .     SustAb   .     (no shield)
rPois  ∞         Gourm    .     c - +0 helmet
rElec  +         Spirit   .     (no cloak)
rCorr  .         Warding  .     (no gloves)
rMut   .         NoTele   +     (no boots)
MR     ++...                    (no amulet)
Stlth  +++++++++.               (no ring)
                                m - ring of see invisible

@: very slightly contaminated, slowed, very slow, very resistant to hostile
enchantments, incredibly stealthy
A: able to fly continuously, big wings, negative energy resistance 1,
electricity resistance, unbreathing, petrification resistance, rot immunity, AC
+20
a: Fly, Minor Destruction, Lesser Servant of Makhleb, Major Destruction, Greater
Servant of Makhleb, Renounce Religion


You were in the Dungeon.
You worshipped Makhleb.
Makhleb was exalted by your worship.
You were not hungry.

You visited 1 branch

Inventory:

Hand weapons
 a - a +0 war axe
 l - the +∞ Axe of Woe (weapon)
   (You found it in the Dungeon)
Missiles
 d - 3 throwing nets (quivered)
Armour
 b - a +0 leather armour (worn)
 c - a +0 helmet (worn)
Jewellery
 m - a ring of see invisible (left hand)
Scrolls
 k - a scroll of blinking
Potions
 e - a potion of curing
 g - a potion of heal wounds
 i - 2 potions of magic
 j - a potion of berserk rage
Comestibles
 f - a bread ration


   Skills:
 O Level 27 Fighting
 O Level 27 Axes
 O Level 27 Throwing
 O Level 27 Armour
 O Level 27 Dodging
 O Level 27 Stealth
 O Level 27 Unarmed Combat
 O Level 27 Spellcasting
 O Level 27 Invocations


You had 80 spell levels left.
You didn't know any spells.

Dungeon Overview and Level Annotations

Branches:
Dungeon (1/1)

Altars:
Makhleb


Innate Abilities, Weirdness & Mutations

You are resistant to torment.
You are immune to poison.
You can fly continuously.
Your stone body is very resilient (AC +20).
Your wings are large and strong.
You resist negative energy.
You are resistant to electric shocks.
You can survive without breathing.
You are immune to petrification.
You are immune to rotting.


Message History

You hear a shout! x3
The observer gazes at you. Something smites you!
You hear a shout! x3
A hell knight and a phantom come into view.
You are engulfed in roaring flames.
You hear a shout! x6
The observer pulsates ominously.
The observer gazes at you. The bolt of fire misses you.
You hear a shout! x2
The dread calls on the powers of darkness!
The observer convulses!
The fleshlord convulses!
The bag of meat convulses!
Your body is wracked with pain!
You hear a shout! x2
The bag of meat hits you but does no damage.
You hear a shout! x2
The observer gazes at you.
The fireball explodes!
The fireball engulfs you!
You die...

#############
.%%)).)o....####
..%§§.)oo..)%..####
)##.##.#####))....####
).........)).).......####
§).##.##..)))))))%.....)####
V..........).))§§§)........#
.....#.#.....).#@o.........#
............)####§.........#
..O.......))).†.)))))..)...#
.................).)#W.....#
..................)%GVW....#
................%...#p.....#
#.......#.......%..........#
#.......#..........%##.....#
#.......###................#


You could see a destroyer, an observer (invisible), a fleshlord, a wretched soul
(invisible), a dread and a bag of meat.

Vanquished Creatures
  Harold (D)
  5 great orbs of eyes (D)
  A greater mummy (D)
  10 hell beasts (D)
  5 hell knights (D)
  7 hill giants (D)
  3 hydras (D)
  5 liches (D)
  31 ogres (D)
  74 orcs (D)
  4 phantoms (D)
  7 skeletal warriors (D)
  12 vampire knights (D)
  6 wraiths (D)
  5 sea snakes (D)
  4 large abominations (D)
  7 small abominations (D)
  6 crawling corpses (D)
193 creatures vanquished.

Vanquished Creatures (others)
  7 crawling corpses (D)
7 creatures vanquished.

Grand Total: 200 creatures vanquished

Notes
Turn   | Place    | Note
--------------------------------------------------------------
     0 | D        | Vrock, the Gargoyle Gladiator, began the quest for the Orb.
     0 | D        | Reached XP level 1. HP: 12/12 MP: 1/1
     3 | D        | Noticed a bag of meat
     3 | D        | Noticed a bag of meat
     4 | D        | Became a worshipper of Makhleb the Destroyer
     5 | D        | Noticed a meat berserker
     5 | D        | Noticed a meat berserker
     7 | D        | Noticed a bag of meat
     7 | D        | Killed a meat berserker
     7 | D        | Reached skill level 11 in Fighting
     7 | D        | Reached skill level 15 in Axes
     7 | D        | Reached XP level 2. HP: 14/29 MP: 2/2
     7 | D        | Reached XP level 3. HP: 16/34 MP: 3/3
     7 | D        | Reached XP level 4. HP: 18/40 MP: 4/4
     7 | D        | Reached XP level 5. HP: 19/44 MP: 5/5
     7 | D        | Reached XP level 6. HP: 21/49 MP: 6/6
     7 | D        | Reached XP level 7. HP: 23/54 MP: 7/7
     7 | D        | Reached XP level 8. HP: 25/60 MP: 8/8
     7 | D        | Reached XP level 9. HP: 26/64 MP: 9/9
     7 | D        | Reached XP level 10. HP: 28/69 MP: 10/10
     7 | D        | Reached XP level 11. HP: 30/74 MP: 11/11
     8 | D        | Killed a bag of meat
     8 | D        | Acquired Makhleb's first power
     8 | D        | Reached skill level 18 in Axes
     8 | D        | Reached XP level 12. HP: 32/82 MP: 12/12
     9 | D        | Noticed a bag of meat
     9 | D        | Killed a meat berserker
     9 | D        | Reached skill level 19 in Axes
     9 | D        | Reached XP level 13. HP: 86/89 MP: 13/13
    12 | D        | Noticed a bag of meat
    12 | D        | Noticed a bag of meat
    12 | D        | Noticed a meat berserker
    13 | D        | Noticed a meat berserker
    14 | D        | Noticed a meat berserker
    14 | D        | Noticed a bag of meat
    15 | D        | Noticed a bag of meat
    16 | D        | Noticed a bag of meat
    16 | D        | Killed a bag of meat
    16 | D        | Acquired Makhleb's second power
    16 | D        | Reached skill level 20 in Axes
    16 | D        | Gained mutation: Your wings are large and strong. [gargoyle growth]
    16 | D        | Reached XP level 14. HP: 31/96 MP: 14/14
    16 | D        | Killed a meat berserker
    16 | D        | Reached skill level 15 in Fighting
    16 | D        | Reached skill level 21 in Axes
    16 | D        | Killed a bag of meat
    16 | D        | Acquired Makhleb's third power
    16 | D        | Reached skill level 22 in Axes
    16 | D        | Reached XP level 15. HP: 84/104 MP: 15/15
    17 | D        | Noticed a bag of meat
    17 | D        | Killed a bag of meat
    17 | D        | Reached skill level 23 in Axes
    17 | D        | Killed a meat berserker
    17 | D        | Reached skill level 24 in Axes
    18 | D        | Killed a meat berserker
    18 | D        | Acquired Makhleb's fourth power
    18 | D        | Reached skill level 15 in Throwing
    18 | D        | Reached XP level 16. HP: 112/114 MP: 16/16
    18 | D        | Killed a bag of meat
    18 | D        | Reached skill level 25 in Axes
    19 | D        | Noticed a bag of meat
    19 | D        | Noticed a bag of meat
    20 | D        | Noticed a bag of meat
    21 | D        | Noticed a large bag of meat
    21 | D        | Killed a bag of meat
    21 | D        | Reached skill level 26 in Axes
    21 | D        | Reached skill level 1 in Armour
    21 | D        | Killed a bag of meat
    21 | D        | Acquired Makhleb's fifth power
    21 | D        | Killed a bag of meat
    21 | D        | Reached skill level 27 in Axes
    21 | D        | Reached XP level 17. HP: 120/124 MP: 17/17
    22 | D        | Noticed a bag of meat
    22 | D        | Noticed a bag of meat
    22 | D        | Noticed a bag of meat
    22 | D        | Noticed a meat berserker
    23 | D        | Noticed a bag of meat
    23 | D        | Noticed a large bag of meat
    23 | D        | Noticed a bag of meat
    23 | D        | Noticed a bag of meat
    24 | D        | Noticed a bag of meat
    24 | D        | Noticed a bag of meat
    24 | D        | Killed a bag of meat
    24 | D        | Killed a bag of meat
    24 | D        | Killed a bag of meat
    24 | D        | Reached skill level 27 in Dodging
    25 | D        | Noticed a bag of meat
    25 | D        | Noticed a bag of meat
    25 | D        | Noticed a meat berserker
    25 | D        | Noticed a bag of meat
    25 | D        | Noticed a meat berserker
    25 | D        | Noticed a large bag of meat
    25 | D        | Noticed a bag of meat
    25 | D        | Noticed a bag of meat
    25 | D        | Noticed a bag of meat
    25 | D        | Noticed a meat berserker
    25 | D        | Noticed a meat berserker
    26 | D        | Noticed a bag of meat
    26 | D        | Noticed a bag of meat
    26 | D        | Noticed a bag of meat
    26 | D        | Noticed a bag of meat
    26 | D        | Noticed a bag of meat
    26 | D        | Noticed a bag of meat
    26 | D        | Noticed a bag of meat
    27 | D        | Noticed a bag of meat
    27 | D        | Noticed a meat berserker
    27 | D        | Noticed a bag of meat
    27 | D        | Noticed a bag of meat
    27 | D        | Noticed a bag of meat
    27 | D        | Noticed a large bag of meat
    28 | D        | Noticed a meat berserker
    28 | D        | Killed a bag of meat
    28 | D        | Reached XP level 18. HP: 114/140 MP: 18/18
    28 | D        | Killed a meat berserker
    28 | D        | Killed a bag of meat
    28 | D        | Reached skill level 27 in Fighting
    28 | D        | Reached skill level 10 in Armour
    29 | D        | Noticed a bag of meat
    29 | D        | Noticed a bag of meat
    29 | D        | Killed a large bag of meat
    29 | D        | Killed a bag of meat
    29 | D        | Killed a bag of meat
    29 | D        | Reached skill level 15 in Armour
    29 | D        | Reached XP level 19. HP: 151/151 MP: 18/18
    30 | D        | Noticed a bag of meat
    31 | D        | Noticed The Servant
    31 | D        | Killed a meat berserker
    31 | D        | Reached skill level 27 in Throwing
    31 | D        | Killed a bag of meat
    31 | D        | Killed a meat berserker
    31 | D        | Killed a bag of meat
    31 | D        | Reached skill level 27 in Armour
    31 | D        | Killed a bag of meat
    31 | D        | Reached XP level 20. HP: 157/157 MP: 18/31
    32 | D        | Killed a meat berserker
    32 | D        | Reached skill level 10 in Invocations
    32 | D        | Killed a meat berserker
    32 | D        | Reached skill level 10 in Spellcasting
    32 | D        | Killed a bag of meat
    32 | D        | Reached skill level 15 in Stealth
    32 | D        | Killed a bag of meat
    32 | D        | Reached skill level 15 in Invocations
    33 | D        | Noticed a bag of meat
    33 | D        | Noticed a meat berserker
    33 | D        | Killed a meat berserker
    33 | D        | Reached skill level 15 in Unarmed Combat
    33 | D        | Killed a bag of meat
    33 | D        | Reached skill level 15 in Spellcasting
    33 | D        | Noticed a destroyer
    34 | D        | Killed a bag of meat
    34 | D        | Reached XP level 21. HP: 148/163 MP: 18/41
    34 | D        | Killed a bag of meat
    34 | D        | Killed a meat berserker
    35 | D        | Noticed a bag of meat
    36 | D        | Noticed a large bag of meat
    37 | D        | Noticed a meat berserker
    37 | D        | Killed The Servant
    37 | D        | Killed a bag of meat
    37 | D        | Killed a bag of meat
    37 | D        | Killed a bag of meat
    37 | D        | Reached XP level 22. HP: 134/169 MP: 19/44
    39 | D        | Noticed a sculptor of flesh
    39 | D        | Killed a bag of meat
    39 | D        | Killed a bag of meat
    39 | D        | Killed a destroyer
    39 | D        | Reached skill level 27 in Stealth
    39 | D        | Killed a large bag of meat
    39 | D        | Killed a bag of meat
    40 | D        | Noticed a large bag of meat
    41 | D        | Noticed a bag of meat
    41 | D        | Noticed a bag of meat
    42 | D        | Noticed a destroyer
    42 | D        | Noticed a destroyer
    42 | D        | Killed a meat berserker
    42 | D        | Reached skill level 27 in Invocations
    42 | D        | Killed a bag of meat
    42 | D        | Killed a sculptor of flesh
    42 | D        | Reached skill level 27 in Unarmed Combat
    42 | D        | Reached XP level 23. HP: 175/175 MP: 20/47
    43 | D        | Noticed a bag of meat
    43 | D        | Noticed a meat berserker
    44 | D        | Noticed a bag of meat
    44 | D        | Noticed a bag of meat
    47 | D        | Killed a bag of meat
    47 | D        | Reached skill level 27 in Spellcasting
    47 | D        | Killed a bag of meat
    49 | D        | Noticed a tyrant
    49 | D        | Killed a destroyer
    49 | D        | Killed a bag of meat
    49 | D        | Killed a bag of meat
    50 | D        | Killed a meat berserker
    51 | D        | Killed a large bag of meat
    51 | D        | Killed a bag of meat
    52 | D        | Noticed a bag of meat
    52 | D        | Noticed a meat berserker
    53 | D        | Noticed a bag of meat
    54 | D        | Noticed a sculptor of flesh
    54 | D        | Noticed a meat berserker
    54 | D        | Noticed a bag of meat
    54 | D        | Killed a bag of meat
    54 | D        | Reached XP level 24. HP: 181/181 MP: 23/48
    54 | D        | Killed a bag of meat
    54 | D        | Killed a tyrant
    55 | D        | Noticed a destroyer
    55 | D        | Noticed a meat berserker
    57 | D        | Killed a meat berserker
    57 | D        | Killed a bag of meat
    57 | D        | Killed a destroyer
    58 | D        | Killed a meat berserker
    58 | D        | Killed a meat berserker
    59 | D        | Noticed a bag of meat
    61 | D        | Killed a meat berserker
    62 | D        | Noticed a meat berserker
    64 | D        | Noticed a bag of meat
    64 | D        | Noticed a bag of meat
    64 | D        | Noticed a meat berserker
    64 | D        | Noticed a destroyer
    64 | D        | Noticed a dread
    65 | D        | Killed a bag of meat
    65 | D        | Killed a large bag of meat
    65 | D        | Reached XP level 25. HP: 187/187 MP: 26/49
    65 | D        | Killed a meat berserker
    65 | D        | Killed a meat berserker
    66 | D        | Noticed a bag of meat
    67 | D        | Noticed a meat beast
    67 | D        | Noticed a destroyer
    67 | D        | Killed a large bag of meat
    67 | D        | Killed a dread
    67 | D        | Killed a bag of meat
    67 | D        | Killed a destroyer
    67 | D        | Killed a bag of meat
    68 | D        | Noticed a bag of meat
    68 | D        | Noticed a dread
    68 | D        | Killed a bag of meat
    68 | D        | Killed a bag of meat
    69 | D        | Noticed a meat berserker
    69 | D        | Noticed a tyrant
    70 | D        | Noticed a bag of meat
    70 | D        | Noticed a meat berserker
    70 | D        | Killed a meat beast
    70 | D        | Reached XP level 26. HP: 144/193 MP: 27/49
    70 | D        | Killed a destroyer
    70 | D        | Killed a destroyer
    71 | D        | Noticed a bag of meat
    71 | D        | Noticed a meat berserker
    71 | D        | Noticed a bag of meat
    71 | D        | Noticed a destroyer
    71 | D        | Noticed a meat beast
    72 | D        | Killed a bag of meat
    72 | D        | Killed a bag of meat
    72 | D        | Killed a bag of meat
    73 | D        | Noticed a bag of meat
    74 | D        | Killed a bag of meat
    74 | D        | Killed a meat berserker
    74 | D        | Killed a meat beast
    74 | D        | Killed a bag of meat
    75 | D        | Killed a dread
    75 | D        | Killed a bag of meat
    75 | D        | Reached XP level 27. HP: 199/199 MP: 29/49
    75 | D        | Killed a meat berserker
    76 | D        | Noticed a bag of meat
    76 | D        | Noticed a destroyer
    76 | D        | Noticed a destroyer
    77 | D        | Noticed a bag of meat
    77 | D        | Noticed a wretched soul
    77 | D        | Noticed a meat berserker
    77 | D        | Killed a destroyer
    77 | D        | Killed a bag of meat
    77 | D        | Killed a bag of meat
    78 | D        | Noticed a bag of meat
    78 | D        | Noticed a meat berserker
    78 | D        | Noticed a bag of meat
    78 | D        | Noticed a tyrant
    78 | D        | Noticed a bag of meat
    78 | D        | Noticed a meat berserker
    79 | D        | Noticed a bag of meat
    79 | D        | Noticed an eight-headed meat hydra
    79 | D        | Noticed a sculptor of flesh
    79 | D        | Noticed a bag of meat
    79 | D        | Noticed a destroyer
    79 | D        | Noticed a bag of meat
    79 | D        | Noticed a bag of meat
    79 | D        | Noticed a large bag of meat
    80 | D        | Noticed a bag of meat
    80 | D        | Noticed a bag of meat
    80 | D        | Noticed a bag of meat
    80 | D        | Killed a wretched soul
    80 | D        | Killed a meat berserker
    80 | D        | Killed a bag of meat
    80 | D        | Killed a meat berserker
    80 | D        | Killed a meat berserker
    81 | D        | Noticed an eight-headed meat hydra
    81 | D        | Noticed a bag of meat
    81 | D        | Noticed a tyrant
    81 | D        | Noticed a meat berserker
    81 | D        | Noticed a meat berserker
    82 | D        | Noticed a bag of meat
    82 | D        | Killed a bag of meat
    82 | D        | Killed a nine-headed meat hydra
    82 | D        | Killed a destroyer
    82 | D        | Killed a meat berserker
    83 | D        | Noticed a bag of meat
    84 | D        | Noticed a meat beast
    84 | D        | Killed a bag of meat
    84 | D        | Killed a destroyer
    84 | D        | Killed a bag of meat
    84 | D        | Killed a bag of meat
    85 | D        | Killed a tyrant
    85 | D        | Killed a bag of meat
    85 | D        | Killed a bag of meat
    85 | D        | Killed a bag of meat
    86 | D        | Killed a tyrant
    86 | D        | Killed a meat berserker
    86 | D        | Killed a destroyer
    87 | D        | Killed a meat berserker
    87 | D        | Killed a tyrant
    87 | D        | Killed a bag of meat
    88 | D        | Killed a meat beast
    88 | D        | Killed a bag of meat
    88 | D        | Killed a bag of meat
    89 | D        | Noticed a meat beast
    89 | D        | Killed a sculptor of flesh
    89 | D        | Killed a sculptor of flesh
    89 | D        | Killed a bag of meat
    90 | D        | Killed a bag of meat
    90 | D        | Killed a bag of meat
    91 | D        | Killed a bag of meat
    91 | D        | Killed a bag of meat
    91 | D        | Killed a large bag of meat
    91 | D        | Killed a bag of meat
    93 | D        | Killed a bag of meat
    93 | D        | Killed a meat beast
    93 | D        | Killed a bag of meat
    93 | D        | Killed a nine-headed meat hydra
    94 | D        | Killed a bag of meat
    94 | D        | Killed a bag of meat
    96 | D        | Noticed a tyrant
    97 | D        | Noticed a meat beast
    98 | D        | Noticed a meat berserker
    99 | D        | Noticed an accursed
    99 | D        | Noticed an observer
    99 | D        | Killed a tyrant
    99 | D        | Killed a bag of meat
   100 | D        | Noticed a meat beast
   101 | D        | Noticed an observer
   101 | D        | Noticed a meat beast
   102 | D        | Killed an observer
   103 | D        | Noticed a meat beast
   104 | D        | Killed a meat beast
   105 | D        | Killed a meat berserker
   107 | D        | Killed a meat beast
   107 | D        | Killed a meat beast
   107 | D        | Killed a meat beast
   108 | D        | Noticed a bag of meat
   109 | D        | Noticed a sculptor of flesh
   109 | D        | Killed an observer
   112 | D        | Noticed an observer
   113 | D        | Killed an accursed
   115 | D        | Killed an observer
   117 | D        | Noticed a dread
   118 | D        | Killed a bag of meat
   119 | D        | Killed a sculptor of flesh
   122 | D        | Noticed a dread
   122 | D        | Killed a dread
   124 | D        | Noticed a fleshlord
   126 | D        | Noticed a destroyer
   126 | D        | Killed a fleshlord
   128 | D        | Noticed a fleshlord
   131 | D        | Noticed a fleshlord
   131 | D        | Killed a dread
   131 | D        | Killed a destroyer
   133 | D        | Killed a fleshlord
   135 | D        | Noticed a dread
   136 | D        | Noticed a sculptor of flesh
   136 | D        | Killed a fleshlord
   140 | D        | Noticed a meat berserker
   141 | D        | Killed a sculptor of flesh
   143 | D        | Noticed a wretched soul
   145 | D        | Noticed a sculptor of flesh
   147 | D        | Killed a meat berserker
   149 | D        | Killed a wretched soul
   152 | D        | Killed a sculptor of flesh
   153 | D        | Noticed a dread
   154 | D        | Noticed a sculptor of flesh
   154 | D        | Noticed a dread
   154 | D        | Noticed an observer
   154 | D        | Noticed a destroyer
   157 | D        | Noticed a destroyer
   157 | D        | Noticed a meat beast
   157 | D        | Killed an observer
   158 | D        | Killed a sculptor of flesh
   159 | D        | Noticed a fleshlord
   159 | D        | Noticed a bag of meat
   160 | D        | Killed a meat beast
   161 | D        | Noticed a meat berserker
   162 | D        | Killed a destroyer
   162 | D        | Killed a dread
   164 | D        | Noticed a wretched soul
   165 | D        | Killed a dread
   165 | D        | Killed a meat berserker
   165 | D        | Killed a fleshlord
   166 | D        | Noticed a fleshlord
   167 | D        | Noticed a wretched soul
   167 | D        | Killed a wretched soul
   170 | D        | Noticed a meat beast
   171 | D        | Noticed an observer
   171 | D        | Noticed a fleshlord
   174 | D        | Noticed a large bag of meat
   175 | D        | Noticed a fleshlord
   175 | D        | Noticed a bag of meat
   175 | D        | Noticed a dread
   176 | D        | Noticed a meat beast
   176 | D        | Noticed an observer
   176 | D        | Noticed an observer
   177 | D        | Killed a wretched soul
   178 | D        | Killed a large bag of meat
   179 | D        | Noticed a destroyer
   179 | D        | Killed an observer
   180 | D        | Killed a meat beast
   180 | D        | Killed a fleshlord
   181 | D        | Noticed a wretched soul
   181 | D        | Noticed a fleshlord
   181 | D        | Killed from afar by an observer

Action                   |  1- 3 |  4- 6 |  7- 9 | 10-12 | 13-15 | 16-18 | 19-21 | 22-24 | 25-27 || total
-------------------------+-------+-------+-------+-------+-------+-------+-------+-------+-------++-------
Melee: Executioner's axe |     1 |       |       |     2 |     3 |     4 |     5 |    11 |    51 ||    77
  Use: Potion            |       |       |       |       |       |       |       |       |     1 ||     1
